 Dungeon Crawl Stone Soup version 0.30-a0-860-g512cf1e979 (webtiles) character file.

Game seed: 6519644913505811476

5169 juan097 the Bludgeoner (level 10, -5/87 (90) HPs)
             Began as a Minotaur Berserker on Mar 7, 2023.
             Was a High Priest of Trog.
             Killed by divine providence
             ... invoked by an orc priest
              (9 damage)
             ... on level 9 of the Dungeon.
             The game lasted 00:14:39 (7942 turns).

juan097 the Bludgeoner (Minotaur Berserker)         Turns: 7942, Time: 00:14:40

HP:   -5/87 (90)    AC: 14    Str: 26    XL:     10   Next: 34%
MP:   9/9           EV: 11    Int:  4    God:    Trog [*****.]
Gold: 456           SH:  0    Dex: 16    Spells: 9/9 levels left

rFire   + . .      SeeInvis .    a - +1 mace (venom)
rCold   . . .      Faith    +    i - orb {light}
rNeg    . . .      Spirit   .    z - +1 scale mail {rF+}
rPois   .          Reflect  .    (helmet restricted)
rElec   .          Rampage  .    n - +0 cloak
rCorr   .                        (no gloves)
Will    ++...                    (no boots) Stlth
                                 j - amulet of faith
HPRegen 1.34/turn                k - +6 ring of dexterity
MPRegen 0.11/turn                G - +4 ring of protection

@: strong-willed, on berserk cooldown, regenerating, slowed, glowing, studying
Maces & Flails, lightly drained, very slow
A: horns 2, retaliatory headbutt
a: Renounce Religion, Berserk, Trog's Hand, Brothers in Arms


You were on level 9 of the Dungeon.
You worshipped Trog.
Trog was extremely pleased with you.
You visited 1 branch of the dungeon, and saw 9 of its levels.

You collected 456 gold pieces.

Inventory:

Hand Weapons
 a - a +1 mace of venom (weapon)
 b - a +2 sling of freezing
 y - a +2 antimagic whip
 L - a +0 mace of holy wrath
Missiles
 q - 23 poisoned darts (quivered)
 v - 3 boomerangs
 F - 2 curare-tipped darts
Armour
 i - an orb of light (worn)
 n - a +0 cloak (worn)
 z - a +1 scale mail of fire resistance (worn)
Jewellery
 j - an amulet of faith (around neck)
 k - a +6 ring of dexterity (left hand)
 m - an amulet of guardian spirit
 s - an amulet of the acrobat
 G - a +4 ring of protection (right hand)
 I - a ring of protection from fire
 J - a +6 ring of dexterity
Wands
 x - a wand of iceblast (15)
 E - a wand of paralysis (7)
 N - a wand of light (7)
Scrolls
 c - 5 scrolls of identify {unknown}
 d - 5 scrolls of teleportation
 e - 2 scrolls of noise {unknown}
 g - 2 scrolls of amnesia {unknown}
 p - a scroll of enchant armour {unknown}
 r - 2 scrolls of enchant weapon {unknown}
 w - 2 scrolls of fog {unknown}
 A - 2 scrolls of fear {unknown}
 D - 2 scrolls of vulnerability {unknown}
 H - a scroll of brand weapon {unknown}
 K - a scroll of butterflies {unknown}
 O - 3 scrolls of poison {unknown}
Potions
 f - 3 potions of curing {unknown}
 h - a potion of lignification {unknown}
 l - a potion of ambrosia {unknown}
 o - a potion of magic {unknown}
 t - 3 potions of attraction {unknown}
 u - 2 potions of degeneration {unknown}
 B - a potion of mutation {unknown}
 C - a potion of flight {unknown}
 M - 3 potions of resistance {unknown}
 P - a potion of haste {unknown}
 Q - a potion of heal wounds {unknown}


   Skills:
 + Level 8.5 Fighting
 - Level 16.0 Maces & Flails
 + Level 4.7 Ranged Weapons
 + Level 2.1 Throwing
 + Level 6.6 Armour
 + Level 3.2 Dodging
 + Level 4.5 Evocations


You had 9 spell levels left.
You didn't know any spells.
Your spell library was empty.

Dungeon Overview and Level Annotations

Branches:
Dungeon (9/15)             Temple (0/1) D:6
   Lair: D:8-11         Orc: D:9-12

Altars:
Dithmenos
Elyvilon
Hepliaklqana
Kikubaaqudgha
Nemelex Xobeh
Okawaru
Uskayaw
Vehumet
Wu Jian


Innate Abilities, Weirdness & Mutations

You have a pair of horns on your head.
You reflexively headbutt those who attack you in melee.


Message History

The warg is moderately wounded.
The warg bites you but does no damage.
You barely miss the warg.
The warg is moderately wounded.
The warg bites you!
The orc priest calls down the wrath of Beogh upon you.
Beogh smites you!
* * * LOW HITPOINT WARNING * * *
The warg barely misses you. You furiously retaliate!
You headbutt the warg.
Your skin crawls.
You feel strong-willed. The warg bites you but does no damage.
The warg bites you!
* * * LOW HITPOINT WARNING * * *
You hit the warg but do no damage. Your headbutt misses the warg.
The warg is heavily wounded.
The warg bites you.
* * * LOW HITPOINT WARNING * * *
The orc priest looks satisfied for a moment.
You sock the warg! Your headbutt misses the warg.
The warg is almost dead.
You kill the warg!
Trog accepts your kill.
You thump the warg!
The warg is poisoned.
You headbutt the warg, but do no damage.
The warg is moderately wounded.
The warg closely misses you. You furiously retaliate!
You headbutt the warg. The warg bites you but does no damage.
You sock the warg!
The warg is almost dead.
The warg bites you but does no damage.
The orc priest mumbles some strange prayers to Beogh against you.
Beogh smites you!
* * * LOW HITPOINT WARNING * * *
Okay, then.
You hit the warg.
You kill the warg!
Trog accepts your kill.
The orc priest invokes the aid of Beogh against you.
Beogh smites you!
You die...

... ... #.. #.#
#...# #.# #...
#.# #... #.#
#... #@# #..#
#†# #.h# #o#
#o.# ..#####o#
#.o# .#
........# #..#
#.# #.#
........#####))#
#.# #.#
..####......h))#
#.# #.# ..# #..#
#........§# #.#
#.# ..# #..#
#.......))###.#
#.#


You could see 2 orc priests.

Vanquished Creatures
  A two-headed ogre (D:9)
  Joseph (D:7)
  Maggie (D:8)
  Grum (D:8)
  An acid dragon (D:8)
  2 wargs (D:9)
  2 water moccasins
  2 ice beasts
  A sky beast (D:7)
  2 black bears
  3 ogres
  3 wolves (D:8)
  2 centaurs
  A phantom (D:4)
  3 kobold brigands
  2 bullfrogs (D:8)
  2 gnoll sergeants
  5 scorpions
  3 wights (D:9)
  6 killer bees (D:7)
  7 hounds
  4 orc priests
  2 gnoll boudas
  2 jellies
  Ijyb (D:5)
  9 orc wizards
  21 gnolls
  3 adders
  A shadow imp (D:6)
  An ufetubus (D:5)
  A worm (D:5)
  2 dart slugs
  29 orcs
  5 ball pythons
  4 endoplasms
  3 giant cockroaches
  9 goblins
  5 hobgoblins
  4 jackals (D:1)
  14 kobolds
  3 quokkas
  3 bats
  3 frilled lizards
  8 rats
188 creatures vanquished.

Vanquished Creatures (others)
  28 plants (D:9)
28 creatures vanquished.

Grand Total: 216 creatures vanquished

Notes
Turn   | Place    | Note
-------+----------+-------------------------------------------
     0 | D:1      | juan097 the Minotaur Berserker began the quest for the Orb.
     0 | D:1      | Reached XP level 1. HP: 19/19 MP: 0/0
   184 | D:1      | Reached skill level 4 in Maces & Flails
   227 | D:1      | Reached XP level 2. HP: 26/27 MP: 1/1
   471 | D:1      | Found a faded altar of an unknown god.
   862 | D:1      | Reached XP level 3. HP: 30/33 MP: 2/2
   969 | D:2      | Identified the +4 long sword "Muan" {pain, Str-4 Int+3}
   988 | D:2      | Reached ** piety under Trog
   989 | D:2      | Reached skill level 5 in Maces & Flails
  1776 | D:3      | Reached XP level 4. HP: 40/40 MP: 3/3
  2192 | D:4      | Reached skill level 6 in Maces & Flails
  2323 | D:4      | Noticed a water moccasin
  2327 | D:4      | Killed a water moccasin
  2328 | D:4      | Reached skill level 7 in Maces & Flails
  2328 | D:4      | Reached XP level 5. HP: 46/46 MP: 4/4
  2406 | D:4      | Reached skill level 8 in Maces & Flails
  2406 | D:4      | Reached XP level 6. HP: 44/52 MP: 5/5
  2463 | D:4      | Reached *** piety under Trog
  2729 | D:5      | Entered Level 5 of the Dungeon
  2772 | D:5      | Noticed Ijyb
  2788 | D:5      | Killed Ijyb
  2789 | D:5      | Reached XP level 7. HP: 54/60 MP: 6/6
  3000 | D:5      | Reached skill level 5 in Fighting
  3164 | D:5      | Found an ornate altar of the Wu Jian Council.
  3184 | D:5      | Reached skill level 9 in Maces & Flails
  3524 | D:6      | Found a staircase to the Ecumenical Temple.
  3550 | D:5      | Reached skill level 5 in Armour
  3559 | D:6      | Reached XP level 8. HP: 9/70 MP: 7/7
  3828 | D:5      | Reached skill level 10 in Maces & Flails
  4119 | D:6      | Found a shadowy altar of Dithmenos.
  4310 | D:6      | Reached skill level 11 in Maces & Flails
  4746 | D:6      | Found a hide-covered altar of Uskayaw.
  4756 | D:6      | Reached skill level 1 in Evocations
  4758 | D:6      | Reached **** piety under Trog
  4926 | D:7      | Reached skill level 12 in Maces & Flails
  5014 | D:7      | Reached XP level 9. HP: 81/81 MP: 8/8
  5134 | D:7      | Noticed Joseph
  5146 | D:7      | Killed Joseph
  5147 | D:7      | Reached skill level 13 in Maces & Flails
  5500 | D:7      | Reached skill level 1 in Ranged Weapons
  5952 | D:8      | Reached skill level 14 in Maces & Flails
  6502 | D:8      | Noticed Grum
  6522 | D:8      | Killed Grum
  6527 | D:8      | Reached skill level 15 in Maces & Flails
  6920 | D:8      | Found an iron altar of Okawaru.
  6961 | D:8      | Found a radiant altar of Vehumet.
  6974 | D:8      | Found a hazy altar of Hepliaklqana.
  6993 | D:8      | Found a white marble altar of Elyvilon.
  7001 | D:8      | Found a sparkling altar of Nemelex Xobeh.
  7184 | D:8      | Found an ancient bone altar of Kikubaaqudgha.
  7319 | D:8      | Reached skill level 16 in Maces & Flails
  7374 | D:8      | Noticed Maggie
  7385 | D:8      | Killed Maggie
  7386 | D:8      | Reached XP level 10. HP: 53/88 MP: 9/9
  7644 | D:9      | Noticed a two-headed ogre
  7653 | D:9      | Killed a two-headed ogre
  7654 | D:9      | Reached skill level 1 in Throwing
  7719 | D:9      | Reached ***** piety under Trog
  7941 | D:9      | HP: 2/87 [orc priest/divine providence (13)]
  7942 | D:9      | Killed from afar by an orc priest

Illustrated notes

Levels and vault maps discovered:
D:1:      heliophobic_arrival_enchanted_forest, layout_basic,
          shapermc_ecumenical_altar_rom_forum
D:2:      layout_basic
D:3:      layout_rooms
D:4:      layout_rooms, minmay_misc_feat_enclosed
D:5:      layout_basic, nzn_wu_jian_contemplation, uniq_ijyb
D:6:      layout_cave_pools, nicolae_uskayaw_dance_studio,
          grunt_dithmenos_smoke_and_mirrors, minmay_temple_entry_trees
D:7:      layout_gridville, uniq_joseph
D:8:      layout_basic, nicolae_overflow_quartered_altars,
          lemuel_coloured_pillars_altar, overflow_temple_1_default, uniq_grum,
          uniq_maggie
D:9:      layout_long_grid, erik_lair_orcish_takeover, orc_0_dummy,
          serial_bayou_lake_a

Skill      XL: |  1  2  3  4  5  6  7  8  9 10 |
---------------+-------------------------------+-----
Fighting       | 4 6 8 |  8.5
Maces & Flails | 4 5 7 8 9 12 16 | 16.0
Armour         | 3 5 6 |  6.6
Evocations     | 3 4 |  4.5
Ranged Weapons | 4 |  4.7
Throwing       | 2 |  2.1
Dodging        | 3 |  3.2

Action                     |  1- 3 |  4- 6 |  7- 9 | 10-12 || total
---------------------------+-------+-------+-------+-------++-------
  Melee: Mace              |    76 |    68 |   252 |    46 ||   442
         Headbutt          |     8 |    19 |    78 |    10 ||   115
   Fire: Sling             |       |       |    30 |    19 ||    49
  Throw: Dart              |       |     1 |    10 |     1 ||    12
         Throwing net      |       |     1 |       |       ||     1
 Invoke: Berserk           |       |     1 |     2 |     1 ||     4
         Trog's Hand       |       |       |       |     1 ||     1
  Evoke: Wand              |       |       |     1 |       ||     1
    Use: Scroll            |       |       |       |     1 ||     1
   Stab: Sleeping          |     2 |       |       |       ||     2
         Held in net/web   |       |     1 |       |       ||     1
 Armour: Animal skin       |     8 |       |       |       ||     8
         Scale mail        |     3 |    21 |    87 |    20 ||   131
  Dodge: Dodged            |    39 |    25 |   127 |    20 ||   211

Table legend: (Time is in decaauts)
 A = Elapsed time spent in this place.
 B = Non-inter-level travel time spent in this place.
 C = Inter-level travel time spent in this place.
 D = Time resting spent in this place.
 E = Time spent auto-exploring this place.
 F = Levels seen in this place.
 G = Mean time per level.
                   A        B        C        D        E       F      G
               +--------+--------+--------+--------+--------+-----+--------+
         Total |   7958 |   7582 |    376 |    527 |   5749 |   9 |  884.2 |
       Dungeon |   7958 |   7582 |    376 |    527 |   5749 |   9 |  884.2 |
               +--------+--------+--------+--------+--------+-----+--------+

Top non-repeatable levels by time:
     D:7: 1417 daAuts
     D:8: 1410 daAuts
     D:5: 1153 daAuts
     D:1: 1012 daAuts
     D:6: 918 daAuts
     D:2: 727 daAuts
     D:4: 558 daAuts
     D:3: 454 daAuts
     D:9: 306 daAuts
